 Dungeon Crawl Stone Soup version 0.16-a0-3160-g1f26642 (console) character file.

70 vogonpoet the Chopper (level 4, -3/39 HPs)
             Began as a Hill Orc Berserker on Dec 16, 2014.
             Was a Believer of Trog.
             Slain by Grinder (6 damage)
             ... on level 3 of the Dungeon.
             The game lasted 00:03:38 (2175 turns).

vogonpoet the Chopper (Hill Orc Berserker)          Turns: 2175, Time: 00:03:39

Health: -3/39      AC:  9    Str: 20    XL:     4   Next: 21%
Magic:  4/4        EV:  8    Int:  7    God:    Trog [**....]
Gold:   182        SH:  0    Dex: 10    Spells: 0 memorised, 3 levels left

rFire  . . .     SeeInvis .     a - +0 hand axe
rCold  . . .     Clarity  .     h - +0 chain mail
rNeg   . . .     SustAb   .     (no shield)
rPois  .         Gourm    .     (no helmet)
rElec  .         Spirit   .     (no cloak)
rCorr  .         Warding  .     (no gloves)
rMut   .         Stasis   .     q - +0 pair of boots
MR     .....                    (no amulet)
Stlth  ..........               (no ring)
                                (no ring)

@: not resistant to hostile enchantments, extremely unstealthy
A: no striking features
a: Burn Spellbooks, Berserk, Trog's Hand, Renounce Religion


You were on level 3 of the Dungeon.
You worshipped Trog.
Trog was pleased with you.
You were not hungry.

You visited 1 branch of the dungeon, and saw 3 of its levels.

You collected 182 gold pieces.

Inventory:

Hand weapons
 a - a +0 hand axe (weapon)
Missiles
 g - 11 poisoned needles
 w - 15 sling bullets
Armour
 b - a +0 animal skin
 h - a +0 chain mail (worn)
 q - a +0 pair of boots (worn)
Scrolls
 j - 2 scrolls of identify {unknown}
 k - 2 scrolls of remove curse {unknown}
 l - a scroll of blinking {unknown}
 n - 2 scrolls of immolation {unknown}
 r - a scroll of teleportation {unknown}
 s - a scroll of recharging {unknown}
Potions
 d - a potion of cancellation
 e - a potion of curing
 f - a potion of heal wounds {unknown}
 i - a potion of might {unknown}
 o - a potion of brilliance {unknown}
 t - a potion of resistance {unknown}
 v - a potion of poison {unknown}
Comestibles
 c - a meat ration
 m - 3 bread rations


   Skills:
 - Level 3.6 Fighting
 + Level 6.5 Axes
 - Level 2.1 Armour
 - Level 1.5 Dodging


You had 3 spell levels left.
You didn't know any spells.

Dungeon Overview and Level Annotations

Branches:
Dungeon (3/15)

Altars:

Annotations:
D:3 Grinder


Message History

Grinder hits you.
You writhe in agony.
You can move again.
You hit Grinder.
Grinder is moderately wounded.
Grinder hits you but does no damage.
You hit Grinder but do no damage.
Grinder is moderately wounded.
Grinder hits you but does no damage.
You closely miss Grinder.
Grinder is moderately wounded.
Grinder hits you.
You writhe in agony.
* * * LOW HITPOINT WARNING * * *
You closely miss Grinder.
Grinder is moderately wounded.
Your skin stops crawling.
You feel less resistant to hostile enchantments.
Grinder hits you!
* * * LOW HITPOINT WARNING * * *
You writhe in agony.
You die...

##### ######...#
#......#....5..
#.####...####. #.# #####
#.. #.# #..# #5# #..#
####@# #.. #..(.# ##.#
#####.#############..##
#.....................###
#.###.#######..####......
#.# #.# #.....<......
##.###(# #.#.###....##
###...##.#######.#.#
#....#
#...#..............#
#....#


You could see Grinder.

Vanquished Creatures
  2 adders (D:2)
  2 worms
  An ooze (D:2)
  5 hobgoblins
  4 jackals (D:2)
  2 quokkas (D:2)
  6 bats
  3 giant cockroaches
  5 goblins
  5 kobolds
35 creatures vanquished.

Notes
Turn   | Place    | Note
--------------------------------------------------------------
     0 | D:1      | vogonpoet, the Hill Orc Berserker, began the quest for the Orb.
     0 | D:1      | Reached XP level 1. HP: 19/19 MP: 1/1
   513 | D:1      | Reached XP level 2. HP: 26/26 MP: 2/2
  1059 | D:2      | Reached skill level 5 in Axes
  1120 | D:2      | Reached XP level 3. HP: 8/31 MP: 3/3
  1490 | D:2      | Reached skill level 6 in Axes
  1491 | D:2      | Acquired Trog's second power
  1590 | D:2      | Reached XP level 4. HP: 33/39 MP: 4/4
  2136 | D:3      | Noticed Grinder
  2141 | D:3      | Paralysed by Grinder for 4 turns
  2165 | D:3      | Paralysed by Grinder for 7 turns
  2175 | D:3      | Slain by Grinder

Action                   |  1- 3 |  4- 6 || total
-------------------------+-------+-------++-------
Melee: Hand axe          |   126 |    25 ||   151
Invok: Berserk           |     1 |       ||     1
       Trog's Hand       |       |     1 ||     1
  Use: Potion            |     2 |       ||     2
  Eat: Chunk             |     3 |       ||     3
       Fruit             |       |     3 ||     3
